 Dungeon Crawl Stone Soup version 0.28.0-53-g5a82cb258f (webtiles) character file.

Game seed: 4106703285986609650

160 Gabide the Insei (level 5, 0/29 HPs)
             Began as a Vine Stalker Monk on June 7, 2022.
             Slain by Duvessa
             ... wielding a +0 short sword
              (6 damage)
             ... on level 4 of the Dungeon.
             The game lasted 00:08:56 (2119 turns).

Gabide the Insei (Vine Stalker Monk)                Turns: 2119, Time: 00:08:56

Health: 0/29       AC:  8    Str: 10 (13) XL:     5   Next: 41%
Magic:  0/6        EV: 15    Int:  7 (10) God:
Gold:   98         SH:  0    Dex: 17 (19) Spells: 4/4 levels left

rFire   . . .      SeeInvis .   b - +2 mace (drain)
rCold   . . .      Faith    .   (no shield)
rNeg    . . .      Spirit   +   c - +0 ring mail
rPois   .          Reflect  .   (no helmet)
rElec   .          Harm     .   p - +0 cloak
rCorr   .          Rampage  .   (no gloves)
Will    .....                   d - +1 pair of boots
Stlth   ++........              (no amulet)
HPRegen 0.89/turn               o - +4 ring of evasion
MPRegen 0.10/turn               (no ring)

@: no status effects
A: fangs 2, regeneration 1, magic shield, antimagic bite, no potion heal 2
a: no special abilities


You were on level 4 of the Dungeon.
You visited 1 branch of the dungeon, and saw 4 of its levels.

You collected 98 gold pieces.

Inventory:

Hand Weapons
 a - a +0 hunting sling
 b - a +2 mace of draining (weapon)
Missiles
 h - 16 stones (quivered)
 i - 6 poisoned darts
Armour
 c - a +0 ring mail (worn)
 d - a +1 pair of boots (worn)
 k - a +0 leather armour of cold resistance
 p - a +0 cloak (worn)
Jewellery
 o - a +4 ring of evasion (left hand)
Scrolls
 e - a scroll of vulnerability
 f - a scroll of brand weapon
Potions
 j - a potion of curing


   Skills:
 + Level 3.8 Fighting
 + Level 3.4 Dodging
 - Level 2.4 Stealth
 + Level 4.2 Unarmed Combat


You had 4 spell levels left.
You didn't know any spells.
Your spell library contained the following spells:

 Spells                   Type           Power      Damage    Failure   Level
 Alistair's Intoxication  Tmut/Pois      0%         N/A       100%        5
 Borgnjor's Vile Clutch   Necr/Erth      0%         N/A       100%        5
 Eringya's Noxious Bog    Tmut/Pois      0%         N/A       100%        6


Dungeon Overview and Level Annotations

Branches:
Dungeon (3/15)             Temple (0/1) D:4

Altars:

Annotations:
D:4 Dowan, Duvessa


Innate Abilities, Weirdness & Mutations

You have extremely sharp teeth.
Your natural rate of healing is unusually fast.
When hurt, damage is shared between your health and your magic reserves.
Your bite disrupts and absorbs the magic of your enemies.
Potions cannot restore your health.


Message History

The gnoll closely misses you.
You hit the gnoll but do no damage. Your bite misses the gnoll.
The gnoll hits you with a +0 club. The hobgoblin barely misses you.
Duvessa closely misses you. The gnoll barely misses you.
You hit the gnoll. You drain the gnoll.
The gnoll is heavily wounded.
The gnoll hits you with a +0 club. Duvessa hits you with a +0 short sword.
The hobgoblin closely misses you. The gnoll misses you.
Duvessa says, "Where magic fails, the sword succeeds!"
Duvessa misses you.
The hobgoblin hits you but does no damage.
The gnoll hits you from afar with a +0 spear.
You hit the gnoll. You drain the gnoll.
The gnoll is moderately wounded.
Duvessa hits you with a +0 short sword. The hobgoblin misses you.
The gnoll misses you.
The gnoll hits you from afar with a +0 spear.
You hit the gnoll. Your bite misses the gnoll.
The gnoll is moderately wounded.
Duvessa hits you but does no damage. The hobgoblin closely misses you.
The gnoll barely misses you. The gnoll hits you but does no damage.
You barely miss the gnoll. Your punch misses the gnoll. You bite the gnoll.
You drain its power.
You feel invigorated.
The gnoll is severely wounded.
Duvessa hits you with a +0 short sword. The hobgoblin barely misses you.
The gnoll hits you but does no damage. The gnoll misses you.
Duvessa hits you with a +0 short sword. The hobgoblin barely misses you.
The gnoll misses you. The gnoll hits you with a +0 whip.
* * * LOW HITPOINT WARNING * * *
You barely miss the gnoll. You bite the gnoll.
You kill the gnoll!
Duvessa misses you.
The hobgoblin hits you but does no damage.
The gnoll hits you from afar with a +0 spear.
* * * LOW HITPOINT WARNING * * *
The gnoll completely misses you.
You sock the gnoll!
You kill the gnoll!
Duvessa seems less drained.
Duvessa hits you with a +0 short sword!
You die...

.....#.##*#.#********,,,*,*,,,,,,
.#......#.#.####*...#,,,*,*,****,
.#....#*#..)...,*.#.#****,*,,,,*,
....#.###.#...,,,...# *,*,,*,*,
..#..........####§§.## *,,,,*,,,
.#....##.......#§§.§.###***,,,,**
.#..#.#####.##.#e§Z.§?..,,,*,,,,,
..##....O......#eZg...#***,*,*,**
>.....######.###@#***,* *,,,,,**
.(.#..# #.Ogg.# *,* ***,,,**
....#.# ####### *,******,,,**
.#..#.#********* ****,**,,,,,,,**
..##...,,,,,,,,* *,,,,**,***,***,
..,,...,,,,,,,,* *,*****,,,,,,,+,
#,*,..,,,,,,,,,* *,* ***,,******,
,,,,,,,,,,,,,,,***,* *,,,,,,,* *,
****,,,,,,,,,,,*,,,******,**,* *,


You could see Duvessa, Dowan, 2 gnolls, a hobgoblin, an adder skeleton and a
hound skeleton.

Vanquished Creatures
  Crazy Yiuf (D:2)
  Terence (D:1)
  2 gnolls (D:4)
  5 adders
  A worm (D:2)
  2 dart slugs (D:1)
  2 orcs (D:3)
  7 endoplasms
  A giant cockroach (D:2)
  3 goblins
  6 hobgoblins
  4 kobolds
  A quokka (D:2)
  4 ball pythons
  A bat (D:3)
  4 rats
45 creatures vanquished.

Notes
Turn   | Place    | Note
-------+----------+-------------------------------------------
     0 | D:1      | Gabide the Vine Stalker Monk began the quest for the Orb.
     0 | D:1      | Reached XP level 1. HP: 11/11 MP: 2/2
   405 | D:1      | Reached XP level 2. HP: 16/16 MP: 3/3
   722 | D:2      | Noticed Terence
   748 | D:1      | Killed Terence
   749 | D:1      | Reached XP level 3. HP: 13/20 MP: 2/4
   881 | D:2      | Found a faded altar of an unknown god.
  1006 | D:2      | Gained mutation: Your natural rate of healing is unusually
                  | fast. [Vine Stalker growth]
  1006 | D:2      | Reached XP level 4. HP: 24/24 MP: 5/5
  1688 | D:2      | Found a runed translucent door.
  1689 | D:2      | Noticed Crazy Yiuf
  1794 | D:2      | Killed Crazy Yiuf
  1795 | D:2      | Reached skill level 4 in Unarmed Combat
  1795 | D:2      | Reached XP level 5. HP: 27/28 MP: 4/6
  2075 | D:3      | You fall into a shaft and drop 1 floor!
  2075 | D:4      | Noticed an ogre
  2077 | D:4      | Found a staircase to the Ecumenical Temple.
  2101 | D:4      | Noticed Duvessa
  2101 | D:4      | Noticed Dowan
  2119 | D:4      | Slain by Duvessa

Illustrated notes

Levels and vault maps discovered:
D:1:      tarquinn_simple_flora_water_f, layout_loops_ring
D:2:      layout_loops_cross, dreamdust_ecumenical_altar_statues,
          nrook_mini_backslash, kennysheep_generic_room_16,
          uniq_crazy_yiuf_cottage, uniq_terence
D:3:      layout_rooms, ebering_ghost_disaster_area, nrook_campfire,
          hex_intersection
D:4:      layout_basic, minitemple, minmay_temple_entry_mini_moons,
          uniq_natasha, uniq_blork_the_orc, uniq_duvessa

Skill      XL: |  1  2  3  4 |
---------------+-------------+-----
Fighting       | 3 |  3.8
Dodging        | 3 |  3.4
Unarmed Combat | 4 |  4.2
Stealth        | |  2.4

Action                   |  1- 3 |  4- 6 || total
-------------------------+-------+-------++-------
Melee: Unarmed           |    11 |       ||    11
       Bite              |     5 |    13 ||    18
       Punch             |     2 |     1 ||     3
       Mace              |    11 |    47 ||    58
 Fire: Hunting sling     |    35 |    42 ||    77
  Use: Scroll            |       |     6 ||     6
       Potion            |       |     2 ||     2
 Stab: Sleeping          |     1 |       ||     1
Armor: Ring mail         |     7 |    22 ||    29
Dodge: Dodged            |    13 |    66 ||    79
